 Dungeon Crawl Stone Soup version 0.31.0-1-g2c135a008e (webtiles) character file.

Game seed: 944371770284685238

145 qw the Shooter (level 5, -8/40 HPs)
             Began as a Djinni Hunter on Jan 23, 2024.
             Mangled by a gnoll
             ... wielding a +0 halberd
              (11 damage)
             ... on level 3 of the Dungeon.
             The game lasted 00:00:06 (1522 turns).

qw the Shooter (Djinni Hunter)                      Turns: 1522, Time: 00:00:07

Health: -8/40      AC:  3    Str: 10    XL:     5   Next: 53%
Gold:   72         EV: 12    Int: 11    God:
                   SH:  0    Dex: 18

rFire   + + .        a - +1 shortbow
rCold   x . .        (shield currently unavailable)
rNeg    . . .        c - +0 leather armour
rPois   inf          (no helmet)
rElec   .            (no cloak)
rCorr   .            (no gloves)
SInv    .            (boots unavailable)
Will    .....        (no amulet)
Stlth   ++           (no ring)
HPRegen 0.26/turn    (no ring)
MPRegen 0.00/turn

%: infuse magic (-9 HP)
@: about to teleport, flying
A: sickness immunity, fire resistance 2, cold vulnerability 1, float, innate
caster, HP casting, extra vitality 1
a: no special abilities


You were on level 3 of the Dungeon.
You visited 1 branch of the dungeon, and saw 3 of its levels.

You collected 72 gold pieces.


Innate Abilities, Weirdness & Mutations

You are immune to sickness and miasma.
You are immune to poison.
Your flesh is very heat resistant. (rF++)
You are vulnerable to cold. (rC-)
You float through the air rather than walking.
You learn spells naturally, not from books.
Your magical power is your life essence.
You have superior vitality. (+4 MHP)


   Skills:
 - Level 3.0 Fighting
 + Level 4.6 Ranged Weapons
 - Level 3.0 Dodging
 - Level 0.7 Stealth


You knew the following spells:

 Your Spells              Type           Power      Damage    Failure   Level
a - Apportation           Tloc           0%         N/A       43%         1
b - Ensorcelled Hibernat  Hex/Ice        0%         N/A       58%         2
Your spell library was empty.

Inventory:

Hand Weapons
 a - a +1 shortbow (weapon)
Armour
 b - a +0 helmet
 c - a +0 leather armour (worn)
Wands
 d - a wand of polymorph (9)
Scrolls
 h - 3 scrolls of teleportation
Potions
 g - 4 potions of curing

Dungeon Overview and Level Annotations

Branches:
Dungeon (3/15)

Altars:
Yredelemnul

Annotations:
D:3 Ijyb


Message History

You shoot an arrow. The arrow hits the orc!
You kill the orc!
Ijyb zaps a wand.
The mass of ice explodes!
The iceblast engulfs you!
You feel a painful chill!
You hear a shout! x3
1509 ||| FLEEEEING.
1510 ||| FLEEEEING.
Things that are here:
a +0 short sword; a +0 chain mail You start resting.
Ijyb is nearby!
You shoot an arrow. The arrow completely misses Ijyb.
A gnoll comes into view. It is wielding a +0 halberd.
You shoot an arrow. The arrow hits Ijyb but does no damage.
Ijyb hits you with a +0 club.
You shoot an arrow. The arrow hits Ijyb but does no damage.
Ijyb closely misses you. Ijyb hits you with a +0 club.
The gnoll hits you from afar with a +0 halberd!
You shoot an arrow. The arrow barely misses Ijyb.
The gnoll misses you. Ijyb hits you with a +0 club.
You shoot an arrow. The arrow hits Ijyb.
Ijyb is moderately wounded.
The gnoll closely misses you. Ijyb hits you with a +0 club.
You shoot an arrow. The arrow hits Ijyb.
Ijyb is moderately wounded.
You hear a shout!
The gnoll barely misses you. Ijyb closely misses you.
You shoot an arrow. The arrow hits Ijyb but does no damage.
Ijyb is moderately wounded.
You hear a shout!
The gnoll hits you from afar with a +0 halberd!
Ijyb hits you but does no damage.
1521 ||| READING 4 scrolls of teleportation.
As you read the scroll of teleportation, it crumbles to dust.
You feel strangely unstable. The gnoll closely misses you.
Ijyb hits you with a +0 club.
You shoot an arrow. The arrow closely misses Ijyb.
Ijyb hits you with a +0 club.
The gnoll hits you from afar with a +0 halberd!
You die...

#)......#....#
#............####
###..............
#....#.##.#...#
#....#.##.#...#
#....#.##.#...#
###....#........#
#####......####.....#
#..g@.###### #.....#
#....g#### #.....#
#.....$. #....~~.~
#..~..~)~.
#..~~.g..)~
#......_....
#..~~.....~~.


You could see Ijyb and a gnoll.

Vanquished Creatures
  Jessica (D:2)
  Robin (D:3)
  4 adders (D:2)
  2 dart slugs (D:2)
  A ribbon worm (D:2)
  5 orcs (D:3)
  4 endoplasms (D:2)
  4 giant cockroaches (D:2)
  9 goblins (D:3)
  6 hobgoblins
  2 kobolds (D:2)
  3 quokkas
  2 ball pythons
  5 bats
  4 frilled lizards
  4 rats
57 creatures vanquished.

Notes
Turn   | Place    | Note
-------+----------+-------------------------------------------
     0 | D:1      | qw the Djinni Hunter began the quest for the Orb.
     0 | D:1      | Reached XP level 1. HP: 18/18 MP: 0/0
     0 | D:1      | 0 ||| qw: Version: 0.3-a-135-gb77e89d
     0 | D:1      | 0 ||| qw: Game counter: 882
     0 | D:1      | 0 ||| qw: Melee chars always use a shield: true
     0 | D:1      | 0 ||| qw: God list: Okawaru
     0 | D:1      | 0 ||| qw: Allow faded altars: false
     0 | D:1      | 0 ||| qw: Do Orc after clearing Dungeon:15 true
     0 | D:1      | 0 ||| qw: Do second Lair branch before Depths: true
     0 | D:1      | 0 ||| qw: Lair rune preference: random
     0 | D:1      | 0 ||| qw: Goals: Normal
     0 | D:1      | 0 ||| PLANNING D:1-11
   362 | D:1      | 362 ||| READING 5 scrolls labelled YTATHU ARHI.
   362 | D:1      | 362 ||| IDENTIFYING murky green potion
   363 | D:1      | 363 ||| READING 4 scrolls of identify.
   363 | D:1      | 363 ||| IDENTIFYING glowing yellow potion
   364 | D:1      | 364 ||| READING 3 scrolls of identify.
   364 | D:1      | 364 ||| IDENTIFYING scroll labelled VUILAT HOUPHISM
   365 | D:1      | 365 ||| READING 2 scrolls of identify.
   365 | D:1      | 365 ||| IDENTIFYING scroll labelled PYNEKL DIAKYTY
   366 | D:1      | 366 ||| DROPPING scroll of butterflies.
   367 | D:1      | 367 ||| DROPPING scroll of poison.
   368 | D:1      | 368 ||| DROPPING potion of degeneration.
   390 | D:2      | Reached XP level 2. HP: 23/23 MP: 0/0
   438 | D:2      | Reached skill level 4 in Ranged Weapons
   438 | D:2      | Reached XP level 3. HP: 26/28 MP: 0/0
   438 | D:2      | Learned a level 1 spell: Apportation
   706 | D:2      | Reached XP level 4. HP: 34/34 MP: 0/0
   728 | D:2      | Reached skill level 3 in Fighting
   731 | D:2      | Noticed Jessica
   732 | D:2      | Killed Jessica
   733 | D:2      | Reached skill level 3 in Dodging
  1007 | D:2      | Reached XP level 5. HP: 40/40 MP: 0/0
  1007 | D:2      | Learned a level 2 spell: Ensorcelled Hibernation
  1232 | D:2      | 1232 ||| READING scroll of identify.
  1232 | D:2      | 1232 ||| IDENTIFYING scroll labelled NUAROWN GIBBA
  1233 | D:2      | 1233 ||| READING scroll of enchant weapon.
  1233 | D:2      | 1233 ||| ENCHANTING +0 shortbow.
  1234 | D:2      | 1234 ||| READING scroll labelled QUAR RI USMI.
  1266 | D:3      | Noticed Robin
  1273 | D:3      | Killed Robin
  1500 | D:3      | Found a basalt altar of Yredelemnul.
  1507 | D:3      | Noticed Ijyb
  1509 | D:3      | 1509 ||| FLEEEEING.
  1510 | D:3      | 1510 ||| FLEEEEING.
  1520 | D:3      | HP: 7/40 [gnoll/+0 halberd (10)]
  1521 | D:3      | 1521 ||| READING 4 scrolls of teleportation.
  1522 | D:3      | HP: 3/40 [Ijyb/+0 club (4)]
  1522 | D:3      | Mangled by a gnoll

Levels and vault maps discovered:
D:1:      arrival_zaba_pyramid, layout_rooms
D:2:      layout_basic, dreamdust_mushroom_princess, uniq_jessica
D:3:      layout_basic, mainiacjoe_overflow_small_starburst, uniq_sigmund,
          uniq_robin, uniq_ijyb

Skill      XL: |  1  2  3  4 |
---------------+-------------+-----
Ranged Weapons | 4 |  4.6
Fighting       | 3 |  3.0
Dodging        | 3 |  3.0
Stealth        | |  0.7

Action                     |  1- 3 |  4- 6 || total
---------------------------+-------+-------++-------
   Fire: Shortbow          |    59 |   106 ||   165
    Use: Scroll            |     4 |     4 ||     8
 Armour: Leather armour    |    16 |    41 ||    57
  Dodge: Dodged            |    11 |    31 ||    42

Table legend:
 A = Non-vault XP
 B = Vault XP
 C = Vault XP percentage of total XP
 D = Non-vault monster count
 E = Vault monster count
 F = Vault count percentage of total count
                 A         B        C        D         E       F
            +---------+---------+-------+---------+---------+-------
      Total |     133 |      75 |  36.1 |      44 |      13 |  22.8
            +---------+---------+-------+---------+---------+-------
        D:1 |       8 |       0 |   0.0 |       6 |       0 |   0.0
        D:2 |     103 |      37 |  26.4 |      29 |       1 |   3.3
        D:3 |      22 |      38 |  63.3 |       9 |      12 |  57.1
            +---------+---------+-------+---------+---------+-------
